 Dungeon Crawl Stone Soup version 0.31-a0-152-g6aa68a64a1 (webtiles) character file.

Game seed: 16663346509944606889

79 qw the Shooter (level 4, -3/40 HPs)
             Began as a Naga Hunter on June 9, 2023.
             Killed from afar by Ijyb (5 damage)
             ... with a puff of flame
             ... on level 3 of the Dungeon.
             The game lasted 00:00:40 (1906 turns).

qw the Shooter (Naga Hunter)                        Turns: 1906, Time: 00:00:41

Health: -3/40      AC:  2    Str: 13    XL:     4   Next: 38%
Magic:  4/4        EV:  9    Int: 10    God:
Gold:   188        SH:  0    Dex: 16    Spells: 3/3 levels left

rFire   . . .        Y - +0 shortbow
rCold   . . .        (shield currently unavailable)
rNeg    . . .        c - +0 leather armour
rPois   +            (no helmet)
rElec   .            (no cloak)
rCorr   .            (no gloves)
SInv    +            (no barding)
Will    .....        (no amulet)
Stlth   ++           (no ring)
HPRegen 0.26/turn    (no ring)
MPRegen 0.09/turn

%: no passive effects
@: short of breath, very slow
A: AC +1, large, see invisible, deformed body, poison resistance, slowness 2,
spit poison 1, naga tail 1
a: Spit Poison


You were on level 3 of the Dungeon.
You visited 1 branch of the dungeon, and saw 3 of its levels.

You collected 188 gold pieces.


Innate Abilities, Weirdness & Mutations

Your serpentine skin is tough. (AC +1)
You have supernaturally acute eyesight. (SInv)
Armour fits poorly on your strangely shaped body.
Your system is resistant to poisons. (rPois)
You cover ground very slowly.
You can spit poison.
You have a snake-like lower body.


   Skills:
 + Level 2.5 Fighting
 - Level 5.0 Ranged Weapons
 - Level 1.5 Dodging
 - Level 1.5 Stealth


You had 3 spell levels left.
You didn't know any spells.
Your spell library was empty.

Inventory:

Hand Weapons
 Y - a +0 shortbow (weapon)
Armour
 c - a +0 leather armour (worn)
Scrolls
 a - a scroll of torment {unknown}
 b - a scroll of identify
 g - a scroll of poison {unknown}
Potions
 d - a potion of haste
 e - a potion of curing {unknown}
 f - a potion of attraction {unknown}
 h - 2 potions of degeneration {unknown}

Dungeon Overview and Level Annotations

Branches:
Dungeon (3/15)

Altars:

Annotations:
D:2 1 runed translucent door, Crazy Yiuf
D:3 Ijyb


Message History

Press: ? - help, Shift-Dir - straight line, f/p - Ijyb The splash of poison hits Ijyb but does no damage.
Ijyb is poisoned.
Ijyb is lightly wounded.
Ijyb zaps a wand.
The puff of flame hits you!
You shoot an arrow. The arrow hits Ijyb.
Ijyb is lightly wounded.
Ijyb hits you with a +0 dagger.
You shoot an arrow. The arrow closely misses Ijyb.
You have got your breath back.
The goblin hits you with a +0 dagger. Ijyb barely misses you.
1901 ||| INVOKING Spit Poison.
Aiming: Spit Poison (1% risk of failure)
Press: ? - help, Shift-Dir - straight line, f/p - Ijyb The splash of poison hits Ijyb but does no damage.
Ijyb looks even sicker.
Ijyb is moderately wounded.
The goblin barely misses you. Ijyb hits you with a +0 dagger.
You shoot an arrow. The arrow hits Ijyb but does no damage.
Ijyb is moderately wounded.
The goblin hits you with a +0 dagger. Ijyb hits you with a +0 dagger.
You shoot an arrow. The arrow barely misses Ijyb.
You have got your breath back.
The goblin hits you with a +0 dagger. The goblin barely misses you.
Ijyb hits you with a +0 dagger.
1904 ||| INVOKING Spit Poison.
Aiming: Spit Poison (1% risk of failure)
Press: ? - help, Shift-Dir - straight line, f/p - Ijyb The splash of poison hits Ijyb.
Ijyb looks even sicker.
Ijyb is heavily wounded.
The goblin hits you with a +0 dagger. The goblin closely misses you.
Ijyb barely misses you.
You shoot an arrow. The arrow hits Ijyb.
Ijyb is heavily wounded.
The goblin hits you with a +0 dagger. The goblin hits you but does no damage.
Ijyb zaps a wand.
The puff of flame hits you!
You shoot an arrow. The arrow barely misses Ijyb.
The goblin hits you with a +0 dagger. x2; Ijyb hits you with a +0 dagger.
Ijyb zaps a wand.
The puff of flame hits you.
You die...

###.#####
#.......##.........#
###.......#
#..####.##.##.######
.......##.####..#.......##.#
###........(......##.......#
###.<.....####.#####.#######
.......##.# #... .#####
.#........# #.###.8.8.8
......###.# #.##g...$).
.##.<.....####.#@g.)....
.####.#####......g...).. #
.... #.##.##....... .#
.....# #.# ....... .#
......# #.##).8.8.8 ##
......# #..#.###### #
.......##.###.#.# #
....##.......# # #####.###


You could see Ijyb (very poisoned) and 2 goblins.

Vanquished Creatures
  A gnoll (D:1)
  A worm (D:2)
  A dart slug (D:3)
  5 endoplasms
  3 giant cockroaches
  9 goblins
  5 hobgoblins
  4 jackals (D:2)
  7 kobolds
  4 quokkas
  4 ball pythons
  5 bats
  2 frilled lizards (D:2)
  6 rats
57 creatures vanquished.

Notes
Turn   | Place    | Note
-------+----------+-------------------------------------------
     0 | D:1      | qw the Naga Hunter began the quest for the Orb.
     0 | D:1      | Reached XP level 1. HP: 19/19 MP: 1/1
     0 | D:1      | 0 ||| qw: Version: 0.2-a-122-gbc61b45
     0 | D:1      | 0 ||| qw: Game counter: 3270
     0 | D:1      | 0 ||| qw: Always use a shield: true
     0 | D:1      | 0 ||| qw: God list: Okawaru
     0 | D:1      | 0 ||| qw: Allow faded altars: false
     0 | D:1      | 0 ||| qw: Do Orc after D:15 true
     0 | D:1      | 0 ||| qw: Do second Lair branch before Depths: true
     0 | D:1      | 0 ||| qw: Lair rune preference: random
     0 | D:1      | 0 ||| qw: Plans: Normal
     0 | D:1      | 0 ||| PLANNING D:1-11
    15 | D:1      | 15 ||| INVOKING Spit Poison.
    47 | D:1      | 47 ||| INVOKING Spit Poison.
    94 | D:1      | 94 ||| INVOKING Spit Poison.
   133 | D:1      | 133 ||| INVOKING Spit Poison.
   213 | D:1      | 213 ||| INVOKING Spit Poison.
   218 | D:1      | 218 ||| INVOKING Spit Poison.
   274 | D:1      | 274 ||| INVOKING Spit Poison.
   275 | D:1      | Reached skill level 4 in Ranged Weapons
   275 | D:1      | Reached XP level 2. HP: 26/26 MP: 2/2
   333 | D:1      | 333 ||| INVOKING Spit Poison.
   402 | D:1      | 402 ||| INVOKING Spit Poison.
   479 | D:1      | 479 ||| INVOKING Spit Poison.
   483 | D:1      | 483 ||| INVOKING Spit Poison.
   487 | D:1      | 487 ||| INVOKING Spit Poison.
   644 | D:1      | 644 ||| INVOKING Spit Poison.
   645 | D:1      | Reached XP level 3. HP: 32/32 MP: 3/3
   724 | D:1      | 724 ||| READING scroll labelled URHINU MUMEOR.
   725 | D:1      | 725 ||| READING scroll labelled JAR AM PAI.
   726 | D:1      | 726 ||| DROPPING scroll of butterflies.
   850 | D:2      | 850 ||| INVOKING Spit Poison.
   858 | D:2      | 858 ||| INVOKING Spit Poison.
   864 | D:2      | 864 ||| INVOKING Spit Poison.
   869 | D:2      | 869 ||| INVOKING Spit Poison.
   885 | D:2      | 885 ||| INVOKING Spit Poison.
   905 | D:2      | Found a faded altar of an unknown god.
   913 | D:2      | 913 ||| INVOKING Spit Poison.
   949 | D:2      | 949 ||| INVOKING Spit Poison.
   997 | D:2      | 997 ||| INVOKING Spit Poison.
   999 | D:2      | 999 ||| Stepping ~*~*~tactically~*~*~ (outnumbered).
  1002 | D:2      | 1002 ||| INVOKING Spit Poison.
  1006 | D:2      | 1006 ||| FLEEEEING.
  1023 | D:2      | 1023 ||| INVOKING Spit Poison.
  1103 | D:2      | 1103 ||| INVOKING Spit Poison.
  1106 | D:2      | 1106 ||| INVOKING Spit Poison.
  1110 | D:2      | 1110 ||| INVOKING Spit Poison.
  1130 | D:2      | 1130 ||| INVOKING Spit Poison.
  1131 | D:2      | Reached skill level 5 in Ranged Weapons
  1131 | D:2      | Reached XP level 4. HP: 39/39 MP: 4/4
  1184 | D:2      | 1184 ||| INVOKING Spit Poison.
  1199 | D:2      | Found a runed translucent door.
  1200 | D:2      | Noticed Crazy Yiuf
  1230 | D:2      | 1230 ||| INVOKING Spit Poison.
  1389 | D:2      | 1389 ||| READING scroll labelled PIUNYR ZUEP.
  1390 | D:2      | 1390 ||| READING scroll labelled CAAGAGOYKK.
  1461 | D:2      | 1461 ||| READING scroll labelled EWOWOR DUMIY.
  1562 | D:2      | 1562 ||| DRINKING 2 dark potions.
  1660 | D:3      | 1660 ||| INVOKING Spit Poison.
  1700 | D:3      | 1700 ||| INVOKING Spit Poison.
  1708 | D:3      | 1708 ||| INVOKING Spit Poison.
  1758 | D:3      | 1758 ||| INVOKING Spit Poison.
  1851 | D:3      | 1851 ||| INVOKING Spit Poison.
  1892 | D:3      | 1892 ||| INVOKING Spit Poison.
  1893 | D:3      | Noticed Ijyb
  1898 | D:3      | 1898 ||| INVOKING Spit Poison.
  1901 | D:3      | 1901 ||| INVOKING Spit Poison.
  1904 | D:3      | 1904 ||| INVOKING Spit Poison.
  1905 | D:3      | HP: 9/40 [Ijyb/puff of flame (9)]
  1906 | D:3      | HP: 2/40 [Ijyb/+0 dagger (4)]
  1906 | D:3      | Killed from afar by Ijyb

Levels and vault maps discovered:
D:1:      lemuel_arrival_lava_pool, layout_basic, minmay_surrounded
D:2:      layout_basic, hellmonk_ecumenical_altar_crossroads,
          minmay_fractal_squares_5, uniq_crazy_yiuf_cottage
D:3:      kennysheep_the_goblin_king, layout_loops_cross

Skill      XL: |  1  2  3 |
---------------+----------+-----
Ranged Weapons | 4 5 |  5.0
Fighting       | |  2.5
Dodging        | |  1.5
Stealth        | |  1.5

Action                     |  1- 3 |  4- 6 || total
---------------------------+-------+-------++-------
   Fire: Shortbow          |    70 |    27 ||    97
Ability: Spit Poison       |    27 |    11 ||    38
    Use: Scroll            |     2 |     3 ||     5
         Potion            |       |     1 ||     1
 Armour: Leather armour    |     7 |     1 ||     8
  Dodge: Dodged            |    11 |     5 ||    16

Table legend:
 A = Non-vault XP
 B = Vault XP
 C = Vault XP percentage of total XP
 D = Non-vault monster count
 E = Vault monster count
 F = Vault count percentage of total count
                 A         B        C        D         E       F
            +---------+---------+-------+---------+---------+-------
      Total |      92 |      22 |  19.3 |      45 |      12 |  21.1
            +---------+---------+-------+---------+---------+-------
        D:1 |      31 |       5 |  13.9 |      10 |       3 |  23.1
        D:2 |      45 |      10 |  18.2 |      27 |       5 |  15.6
        D:3 |      16 |       7 |  30.4 |       8 |       4 |  33.3
            +---------+---------+-------+---------+---------+-------
